 Dungeon Crawl Stone Soup version 0.23.0-3-gf3c87f2 (webtiles) character file.

Game seed: 17365219299395153314

543 SeriousVitamin the Firebug (level 7, -15/36 HPs)
             Began as a Deep Elf Fire Elementalist on Feb 23, 2019.
             Demolished by Blork the orc
             ... wielding a +0 halberd
              (18 damage)
             ... on level 4 of the Dungeon.
             The game lasted 00:11:47 (4453 turns).

SeriousVitamin the Firebug (DEFE)                   Turns: 4453, Time: 00:11:48

Health: -15/36     AC:  3    Str:  7    XL:     7   Next: 6%
Magic:  6/16       EV: 13    Int: 20    God:
Gold:   117        SH:  0    Dex: 15    Spells: 8/16 levels left

rFire    . . .     SeeInvis .   s - +1 dagger (drain)
rCold    . . .     Gourm    .   (no shield)
rNeg     . . .     Faith    .   a - +0 robe
rPois    +         Spirit   .   (no helmet)
rElec    .         Reflect  .   k - +0 cloak
rCorr    .         Harm     .   (no gloves)
MR       .....                  (no boots)
Stlth    ++........             (no amulet)
HPRegen  0.12/turn              t - ring of poison resistance
MPRegen  0.15/turn              (no ring)

@: no status effects
A: no striking features
a: no special abilities


You were on level 4 of the Dungeon.
You were not hungry.

You visited 1 branch of the dungeon, and saw 4 of its levels.

You collected 117 gold pieces.

Inventory:

Hand Weapons
 j - a +0 dagger
 s - a +1 dagger of draining (weapon)
Armour
 a - a +0 robe (worn)
 k - a +0 cloak (worn)
Jewellery
 t - a ring of poison resistance (left hand)
Wands
 d - a wand of clouds (7)
Scrolls
 e - a scroll of magic mapping {unknown}
 g - a scroll of enchant weapon {unknown}
 h - a scroll of teleportation {unknown}
 l - a scroll of immolation {unknown}
 n - 2 scrolls of amnesia {unknown}
 o - a scroll of remove curse {unknown}
 p - a scroll of fog {unknown}
 q - 2 scrolls of identify {unknown}
Potions
 b - a potion of curing {unknown}
 f - a potion of agility {unknown}
 i - 2 potions of brilliance {unknown}
 m - 2 potions of degeneration {unknown}
 r - 2 potions of flight {unknown}
Comestibles
 c - 6 rations
 u - a chunk of flesh


   Skills:
 - Level 2.4 Dodging
 - Level 2.4 Stealth
 + Level 5.2 Spellcasting
 * Level 5.2 Conjurations
 * Level 6.1 Fire Magic


You had 8 spell levels left.
You knew the following spells:

 Your Spells              Type           Power        Failure   Level  Hunger
a - Flame Tongue          Conj/Fire      ####.        1%          1    None
c - Conjure Flame         Conj/Fire      ####....     3%          3    ##.....
e - Sticky Flame          Conj/Fire      ####....     11%         4    ####...

Your spell library contained the following spells:

 Spells                   Type           Power        Failure   Level  Hunger
 Throw Flame              Conj/Fire      ####..       1%          2    None
 Inner Flame              Hex/Fire       ###.....     10%         3    ##.....
 Fireball                 Conj/Fire      ####......   30%         5    #####..


Dungeon Overview and Level Annotations

Branches:
Dungeon (4/15)
 Temple: D:4-7

Altars:

Annotations:
D:4 Blork the orc


Message History

* * * LOW HITPOINT WARNING * * *
There is a stone staircase leading up, spattered with blood here.
You see here an uncursed amulet of rage.
Blork the orc casts a spell at you.
You hear a sizzling sound!
Blork the orc looks satisfied for a moment.
Blork the orc gestures wildly while chanting.
Blork the orc flickers and vanishes!
Deactivating autopickup; reactivate with Ctrl-A.
Casting: Conjure Flame (safe; 3% risk of failure)
Confirm with . or Enter, or press ? or * to list all spells.
Aiming: Conjure Flame (safe; 3% risk of failure)
Press: ? - help, Dir - move target cursor The fire ignites!
A magic dart appears from out of thin air!
The magic dart hits you.
* * * LOW HITPOINT WARNING * * *
Something hits you!!
Ouch! That really hurt!
You die...

############ #..........#
#.########.#
#######.#........#
...(...)..(.[)...#
.......##.####>..############
..####.#..# #.^@...........#
..# #.#.## #.#.##########.##
..# #.#.# ##.#.# #.o{<.....#
..##
#.#.####<...###.######..#
.(.#
#............##.#.>.##..####
.#.#
#...####.....##o#...##......
...# #...#
##.##.##........####.
######...#
#..............####. #
#.....# ####................


There were no monsters in sight!

Vanquished Creatures
  Edmund (D:4)
  An ogre (D:3)
  2 orc priests
  An orc wizard (D:4)
  Jessica (D:3)
  Ijyb (D:4)
  4 adders
  4 worms
  3 dart slugs
  3 leopard geckos
  18 orcs
  5 giant cockroaches
  10 goblins
  12 hobgoblins
  18 jackals
  5 ball pythons
  7 bats
  7 frilled lizards
  A giant cockroach zombie (D:4)
  10 kobolds
  6 rats
120 creatures vanquished.

Notes
Turn   | Place    | Note
-------+----------+-------------------------------------------
     0 | D:1      | SeriousVitamin the Deep Elf Fire Elementalist began the
                  | quest for the Orb.
     0 | D:1      | Reached XP level 1. HP: 10/10 MP: 6/6
    54 | D:1      | Reached XP level 2. HP: 15/15 MP: 0/8
   689 | D:1      | Reached XP level 3. HP: 19/19 MP: 6/9
   814 | D:1      | Reached skill level 4 in Fire Magic
  1497 | D:2      | Reached XP level 4. HP: 24/24 MP: 5/11
  1984 | D:3      | Learned a level 3 spell: Conjure Flame
  2390 | D:3      | Noticed Jessica
  2399 | D:3      | Killed Jessica
  2399 | D:3      | Reached XP level 5. HP: 28/28 MP: 6/13
  2486 | D:3      | Reached skill level 5 in Fire Magic
  3274 | D:4      | Noticed Edmund
  3282 | D:3      | Learned a level 4 spell: Sticky Flame
  3347 | D:4      | Noticed an ogre
  3633 | D:3      | Killed an ogre
  3633 | D:3      | Reached XP level 6. HP: 28/32 MP: 7/15
  3706 | D:4      | Killed Edmund
  3706 | D:4      | Reached skill level 5 in Spellcasting
  4030 | D:4      | Reached skill level 5 in Conjurations
  4142 | D:4      | Reached skill level 6 in Fire Magic
  4216 | D:4      | Noticed Ijyb
  4222 | D:4      | Killed Ijyb
  4234 | D:4      | Reached XP level 7. HP: 34/36 MP: 3/16
  4239 | D:4      | Noticed Blork the orc
  4453 | D:4      | Demolished by Blork the orc

Skill      XL: |  1  2  3  4  5  6 |
---------------+-------------------+-----
Conjurations   | 2 3 4 5 |  5.2
Fire Magic     | 4 5 6 |  6.1
Spellcasting   | 4 5 |  5.2
Dodging        | |  2.4
Stealth        | |  2.4

Action                   |  1- 3 |  4- 6 |  7- 9 || total
-------------------------+-------+-------+-------++-------
Melee: Unarmed           |     3 |       |       ||     3
       Dagger            |       |    83 |     5 ||    88
 Cast: Flame Tongue      |    83 |   146 |    13 ||   242
       Conjure Flame     |       |     3 |     3 ||     6
       Sticky Flame      |       |     4 |       ||     4
  Use: Potion            |     1 |       |       ||     1
  Eat: Chunk             |     1 |     6 |     1 ||     8
       Ration            |       |     1 |       ||     1
Armor: Robe              |     6 |    39 |     3 ||    48
       Skin              |     3 |       |       ||     3
Dodge: Dodged            |    27 |    93 |     8 ||   128
